 Dungeon Sprint DCSS version 0.29-a0-330-g52719c12eb (webtiles) character file.

Game seed: 14988900231056599345

10609 mhtbhm the Phalangite (level 11, 0/108 HPs)
             Began as a Merfolk Berserker on Apr 12, 2022.
             Was the Champion of Trog.
             Killed by divine providence
             ... invoked by an orc high priest
              (14 damage)
             ... in the Dungeon (Sprint IX: "|||||||||||||||||||||||||||||").
             The game lasted 00:02:46 (1928 turns).

mhtbhm the Phalangite (Merfolk Berserker)           Turns: 1928, Time: 00:02:47

Health: 0/108      AC:  8    Str: 21    XL:     11   Next: 64%
Magic:  11/11      EV: 15    Int:  7    God:    Trog [******]
Gold:   603        SH:  0    Dex: 17    Spells: 10/10 levels left

rFire   . . .      SeeInvis .   a - +3 bardiche (flame)
rCold   . . .      Faith    .   (shield currently unavailable)
rNeg    . . .      Spirit   .   b - +1 chain mail
rPois   .          Reflect  .   u - +0 helmet
rElec   .          Harm     .   j - +0 cloak
rCorr   .          Rampage  .   (no gloves)
Will    .....      NoTele   +   t - +0 pair of boots
Stlth   ..........              (no amulet)
HPRegen 0.28/turn               k - +2 ring of evasion
MPRegen 0.12/turn               l - +3 ring of dexterity

@: corroded, on berserk cooldown, slowed, very slow
A: (nimble swimmer 2), mertail
a: Renounce Religion, Berserk, Trog's Hand, Brothers in Arms


You were in the Dungeon.
You worshipped Trog.
Trog was exalted by your worship.
You visited 1 branch You collected 603 gold pieces.

Inventory:

Hand Weapons
 a - a +3 bardiche of flaming (weapon)
Armour
 b - a +1 chain mail (worn)
 j - a +0 cloak (worn)
 t - a +0 pair of boots (worn)
 u - a +0 helmet (worn)
Jewellery
 k - a +2 ring of evasion (left hand)
 l - a +3 ring of dexterity (right hand)
Wands
 i - a wand of iceblast (10)
Scrolls
 h - 2 scrolls of blinking
 n - a scroll of immolation
 o - 3 scrolls of identify
 p - 4 scrolls of enchant armour
 q - 3 scrolls of enchant weapon
 r - a scroll of fog
 s - 2 scrolls of magic mapping
Potions
 c - 6 potions of curing
 d - a potion of invisibility
 e - 6 potions of heal wounds
 f - 4 potions of magic
 g - a potion of berserk rage
 m - a potion of might
 v - a potion of lignification {unknown}


   Skills:
 + Level 17.7 Fighting
 + Level 23.8 Polearms
 + Level 8.3 Armour
 + Level 11.6 Dodging
 + Level 4.6 Stealth


You had 10 spell levels left.
You didn't know any spells.
Your spell library was empty.

Dungeon Overview and Level Annotations

Branches:
Dungeon (1/1)

Altars:
Cheibriados
Dithmenos
Elyvilon
Fedhas
Gozag
Hepliaklqana
Kikubaaqudgha
Makhleb
Nemelex Xobeh
Okawaru
Qazlal
Ru
Sif Muna
Trog
Uskayaw
Vehumet
Wu Jian
Xom
Yredelemnul
Zin
The Shining One
Beogh
Jiyva
Lugonu


Innate Abilities, Weirdness & Mutations

((You are very nimble when in or above water. (Stealth+, EV+, Speed+++)))
Your lower body shifts to a powerful aquatic tail in water.


Message History

You slash the orc warrior! You burn the orc warrior.
You kill the orc warrior!
Trog accepts your kill.
The orc high priest hits you with a +0 morningstar!
You closely miss the orc high priest.
The orc high priest hits you with a +0 morningstar!!
* * * LOW HITPOINT WARNING * * *
You hit the orc high priest but do no damage.
The orc high priest prays to Beogh.
You slice the orc high priest!! You burn the orc high priest.
The orc high priest is heavily wounded.
The orc high priest no longer looks unusually strong.
The orc high priest completely misses you.
The rust devil hits you. The rust devil corrodes you!
You slash the orc high priest! You burn the orc high priest.
The orc high priest is severely wounded.
The orc high priest prays to Beogh.
The rust devil hits you.
* * * LOW HITPOINT WARNING * * *
The rust devil corrodes you!
Unknown command.
You closely miss the orc high priest.
The orc high priest is severely wounded.
The orc high priest barely misses you. The rust devil barely misses you.
The ynoxinul gestures.
Unknown command.
Unknown command.
You barely miss the orc high priest.
The orc high priest is heavily wounded.
The orc warrior no longer looks unusually strong.
The orc high priest says, "Right in the middle of my sermon, too."
The orc high priest hits you with a +0 morningstar.
* * * LOW HITPOINT WARNING * * *
The rust devil barely misses you.
Unknown command.
You slash the orc high priest! You burn the orc high priest.
The orc high priest is almost dead.
The orc high priest mumbles some strange prayers to Beogh against you.
Beogh smites you!
You die...

▓_▓.▓÷▓.▓
▓_▓.▓÷▓.▓.▓
▓_▓.▓)▓.▓.▓
▓_▓.▓†▓.▓5▓
▓_▓.▓.▓.▓5▓
▓_▓.▓.▓.▓3▓
▓_▓.▓.▓.▓o▓
▓_▓.▓÷▓.▓o▓
▓_▓.▓'▓.▓@▓
▓_▓.▓)▓.▓4▓
▓_▓.▓.▓.▓)▓
▓_▓.▓.▓.▓)▓
▓_▓.▓.▓.▓'▓
▓_▓.▓.▓.▓.▓
▓_▓.▓.▓.▓.▓
▓_▓.▓.▓.▓.▓
▓_▓.▓.▓.▓.▓


You could see an orc high priest, a rust devil (summoned), a ynoxinul
(summoned), an orc warrior and 2 ufetubi.

Vanquished Creatures
  2 dire elephants (D)
  A two-headed ogre (D)
  Erica (D)
  An orc knight (D)
  2 ugly things (D)
  A black mamba (D)
  6 elephants (D)
  A cane toad (D)
  A komodo dragon (D)
  A troll (D)
  A meliai (D)
  A blink frog (D)
  3 yaks (D)
  A basilisk (D)
  A vampire mosquito (D)
  Grum (D)
  2 acid dragons (D)
  4 water moccasins (D)
  7 orc warriors (D)
  3 wolves (D)
  A centaur (D)
  An ogre (D)
  A phantom (D)
  6 bullfrogs (D)
  A scorpion (D)
  A howler monkey (D)
  A jelly (D)
  A hound (D)
  6 orc priests (D)
  4 orc wizards (D)
  A gnoll (D)
  An ufetubus (D)
  6 orcs (D)
  2 kobolds (D)
  A bat (D)
  A goblin (D)
76 creatures vanquished.

Notes
Turn   | Place    | Note
-------+----------+-------------------------------------------
     0 | D        | mhtbhm the Merfolk Berserker began the quest for the Orb.
     0 | D        | Reached XP level 1. HP: 18/18 MP: 1/1
    11 | D        | Reached ** piety under Trog
    26 | D        | Reached skill level 5 in Polearms
    26 | D        | Reached XP level 2. HP: 11/26 MP: 2/2
   213 | D        | Noticed an ogre
   213 | D        | Noticed a phantom
   224 | D        | Reached *** piety under Trog
   225 | D        | Reached skill level 5 in Fighting
   225 | D        | Reached skill level 7 in Polearms
   225 | D        | Reached skill level 1 in Stealth
   225 | D        | Reached XP level 3. HP: 34/34 MP: 3/3
   234 | D        | Killed a phantom
   235 | D        | Reached skill level 8 in Polearms
   235 | D        | Reached skill level 5 in Dodging
   235 | D        | Reached XP level 4. HP: 28/43 MP: 4/4
   235 | D        | Reached XP level 5. HP: 32/48 MP: 5/5
   237 | D        | Reached skill level 9 in Polearms
   254 | D        | Killed an ogre
   255 | D        | Reached skill level 10 in Polearms
   255 | D        | Reached XP level 6. HP: 39/57 MP: 6/6
   270 | D        | Found a snail-covered altar of Cheibriados.
   270 | D        | Found a shadowy altar of Dithmenos.
   270 | D        | Found a white marble altar of Elyvilon.
   270 | D        | Found a blossoming altar of Fedhas.
   270 | D        | Found an opulent altar of Gozag.
   271 | D        | Found a hazy altar of Hepliaklqana.
   272 | D        | Found a viscous altar of Jiyva.
   273 | D        | Found an ancient bone altar of Kikubaaqudgha.
   274 | D        | Found a corrupted altar of Lugonu.
   275 | D        | Found a burning altar of Makhleb.
   276 | D        | Found a sparkling altar of Nemelex Xobeh.
   277 | D        | Found an iron altar of Okawaru.
   278 | D        | Found a stormy altar of Qazlal.
   279 | D        | Found a sacrificial altar of Ru.
   280 | D        | Found a shimmering blue altar of Sif Muna.
   281 | D        | Found a bloodstained altar of Trog.
   282 | D        | Found a hide-covered altar of Uskayaw.
   283 | D        | Found a radiant altar of Vehumet.
   284 | D        | Found an ornate altar of the Wu Jian Council.
   285 | D        | Found a shimmering altar of Xom.
   286 | D        | Found a basalt altar of Yredelemnul.
   287 | D        | Found a glowing silver altar of Zin.
   288 | D        | Found a glowing golden altar of the Shining One.
   348 | D        | Noticed a yak
   348 | D        | Noticed an acid dragon
   348 | D        | Noticed an acid dragon
   348 | D        | Noticed an orc warrior
   353 | D        | Killed an orc warrior
   353 | D        | Reached **** piety under Trog
   354 | D        | Reached skill level 11 in Polearms
   357 | D        | Reached skill level 12 in Polearms
   360 | D        | Killed an acid dragon
   361 | D        | Reached skill level 10 in Fighting
   361 | D        | Reached XP level 7. HP: 67/67 MP: 7/7
   365 | D        | Reached skill level 13 in Polearms
   371 | D        | Killed a yak
   371 | D        | Reached ***** piety under Trog
   372 | D        | Reached skill level 14 in Polearms
   497 | D        | Noticed a meliai
   497 | D        | Noticed a brown ugly thing
   497 | D        | Noticed a troll
   497 | D        | Noticed a two-headed ogre
   497 | D        | Noticed a vampire mosquito
   497 | D        | Noticed a red ugly thing
   500 | D        | Killed a vampire mosquito
   501 | D        | Reached XP level 8. HP: 75/75 MP: 8/8
   505 | D        | Killed a red ugly thing
   506 | D        | Reached skill level 15 in Polearms
   509 | D        | Killed a two-headed ogre
   510 | D        | Reached skill level 17 in Polearms
   510 | D        | Reached skill level 10 in Dodging
   510 | D        | Reached XP level 9. HP: 76/85 MP: 9/9
   513 | D        | Killed a troll
   518 | D        | Killed a brown ugly thing
   518 | D        | Received a gift from Trog
   519 | D        | Reached skill level 18 in Polearms
   521 | D        | Killed a meliai
   880 | D        | Noticed a cane toad
   880 | D        | Noticed a komodo dragon
   887 | D        | Killed a komodo dragon
   888 | D        | Reached skill level 5 in Armour
   894 | D        | Killed a cane toad
   895 | D        | Reached skill level 19 in Polearms
   895 | D        | Reached XP level 10. HP: 95/95 MP: 10/10
   897 | D        | Received a gift from Trog
  1051 | D        | Noticed a black mamba
  1056 | D        | Reached skill level 15 in Fighting
  1059 | D        | Killed a black mamba
  1060 | D        | Reached skill level 20 in Polearms
  1066 | D        | Received a gift from Trog
  1167 | D        | Noticed an elephant
  1167 | D        | Noticed an elephant
  1167 | D        | Noticed an elephant
  1167 | D        | Noticed a dire elephant
  1167 | D        | Noticed an elephant
  1167 | D        | Noticed a dire elephant
  1174 | D        | Killed a dire elephant
  1175 | D        | Reached skill level 21 in Polearms
  1180 | D        | Killed a dire elephant
  1180 | D        | Noticed an elephant
  1182 | D        | Killed an elephant
  1183 | D        | Reached XP level 11. HP: 74/105 MP: 11/11
  1185 | D        | Reached ****** piety under Trog
  1189 | D        | Received a gift from Trog
  1190 | D        | Reached skill level 22 in Polearms
  1471 | D        | Noticed Erica
  1472 | D        | Noticed Grum
  1477 | D        | Killed Grum
  1485 | D        | Killed Erica
  1486 | D        | Reached skill level 23 in Polearms
  1486 | D        | Received a gift from Trog
  1747 | D        | Received a gift from Trog
  1757 | D        | Received a gift from Trog
  1902 | D        | Noticed an orc knight
  1907 | D        | Received a gift from Trog
  1910 | D        | Noticed an orc high priest
  1918 | D        | Killed an orc knight
  1928 | D        | Killed from afar by an orc high priest

Illustrated notes

Levels and vault maps discovered:
D:        linesprint [early_d, line_temple, items_1, d_10, items_2, lair_1,
          lair_end, items_3, orc_1, orc_end, items_4, d_15, swamp_1, shoals_1,
          snake_1, spider_1, d_20, vaults_1, items_5, swamp_end, shoals_end,
          snake_end, spider_end, vaults_end, d_27, items_6, zot_1, zot_end,
          crypt_end, forest_end, elf_end, slime_end, tomb_end, abyss_end,
          pan_hell_end]

Skill      XL: |  1  2  3  4  5  6  7  8  9 10 11 |
---------------+----------------------------------+-----
Fighting       | 4 5 7 8 10 11 13 14 16 17 | 17.7
Polearms       | 5 7 8 10 12 14 17 19 21 23 | 23.8
Dodging        | 3 4 5 6 7 8 10 11 | 11.6
Armour         | 2 3 4 5 7 8 |  8.3
Stealth        | 1 2 3 4 |  4.6

Action                   |  1- 3 |  4- 6 |  7- 9 | 10-12 || total
-------------------------+-------+-------+-------+-------++-------
Melee: Spear             |    41 |     9 |       |       ||    50
       Halberd           |       |    10 |    45 |    17 ||    72
       Bardiche          |       |       |       |   130 ||   130
Invok: Berserk           |     1 |     1 |     2 |     4 ||     8
  Use: Potion            |       |     2 |       |       ||     2
 Stab: Distracted        |     1 |       |       |       ||     1
Armor: Animal skin       |     7 |       |       |       ||     7
       Chain mail        |       |     2 |     3 |    29 ||    34
Dodge: Dodged            |    15 |     9 |    13 |    40 ||    77

Table legend: (Time is in decaauts)
 A = Elapsed time spent in this place.
 B = Non-inter-level travel time spent in this place.
 C = Inter-level travel time spent in this place.
 D = Time resting spent in this place.
 E = Time spent auto-exploring this place.
 F = Levels seen in this place.
 G = Mean time per level.
                   A        B        C        D        E       F      G
               +--------+--------+--------+--------+--------+-----+--------+
         Total |   1903 |   1903 |      0 |   1251 |    120 |   1 | 1903.0 |
       Dungeon |   1903 |   1903 |      0 |   1251 |    120 |   1 | 1903.0 |
               +--------+--------+--------+--------+--------+-----+--------+

Top non-repeatable levels by time:
       D: 1903 daAuts
